 Dungeon Crawl Stone Soup version 0.28-a0-474-g535839065c (webtiles) character file.

Game seed: 8580492501223776680

4723 robertstho the Protected (level 10, -5/91 HPs)
             Began as a Minotaur Berserker on Sept 15, 2021.
             Was an Elder of Trog.
             Killed by divine providence
             ... invoked by an orc priest
              (9 damage)
             ... on level 8 of the Dungeon.
             The game lasted 00:09:15 (8149 turns).

robertstho the Protected (Minotaur Berserker)       Turns: 8149, Time: 00:09:15

Health: -5/91      AC: 15    Str: 24    XL:     10   Next: 22%
Magic:  0/9        EV: 10    Int:  5    God:    Trog [****..]
Gold:   0          SH:  0    Dex: 10    Spells: 9/9 levels left

rFire   . . .      SeeInvis .   a - +0 hand axe (flame)
rCold   . . .      Faith    .   (no shield)
rNeg    . . .      Spirit   +   o - +0 chain mail {rPois}
rPois   +          Reflect  .   m - +2 hat
rElec   .          Harm     .   q - +0 cloak
rCorr   .          Rampage  .   (no gloves)
Will    ++...                   (no boots)
Stlth   ..........              b - amulet of guardian spirit
HPRegen 1.25/turn               (no ring)
MPRegen 0.11/turn               (no ring)

@: strong-willed, on berserk cooldown, regenerating, slowed, very slow
A: horns 2, retaliatory headbutt
a: Renounce Religion, Berserk, Trog's Hand, Brothers in Arms


You were on level 8 of the Dungeon.
You worshipped Trog.
Trog was greatly pleased with you.
You visited 1 branch of the dungeon, and saw 8 of its levels.

You collected 29 gold pieces.
You spent 29 gold pieces at shops.

Inventory:

Hand Weapons
 a - a +0 hand axe of flaming (weapon)
Armour
 m - a +2 hat (worn)
 o - a +0 chain mail of poison resistance (worn)
 q - a +0 cloak (worn)
Jewellery
 b - an amulet of guardian spirit (around neck)
Wands
 e - a wand of paralysis (6)
 i - a wand of polymorph (18)
 x - a wand of mindburst (8)
 A - a wand of iceblast (5)
Scrolls
 f - 3 scrolls of teleportation
 l - a scroll of immolation
 y - a scroll of enchant armour {unknown}
Potions
 c - a potion of magic {unknown}
 d - 2 potions of berserk rage {unknown}
 g - a potion of invisibility {unknown}
 j - 5 potions of brilliance {unknown}
 p - a potion of flight {unknown}
 r - a potion of mutation {unknown}
 s - 3 potions of haste {unknown}
 u - a potion of cancellation {unknown}
 v - a potion of might {unknown}
 w - 5 potions of heal wounds
 z - a potion of attraction {unknown}


   Skills:
 * Level 9.3 Fighting
 + Level 9.8 Axes
 * Level 11.2 Armour
 * Level 6.5 Dodging


You had 9 spell levels left.
You didn't know any spells.
Your spell library was empty.

Dungeon Overview and Level Annotations

Branches:
Dungeon (8/15)             Temple (0/1) D:7            Lair (0/6) D:8

Altars:
Fedhas
Gozag
Ru

Shops:
D:1 *

Annotations:
D:8 Maurice


Innate Abilities, Weirdness & Mutations

You have a pair of horns on your head.
You reflexively headbutt those who attack you in melee.


Message History

A puff of flame appears from out of thin air!
The puff of flame hits you!
The orc warrior hits you with a +0 mace!
The water moccasin bites you. Something hits you.
Something mutters, "Now where did you hide it?"
You hear some strange, mumbled words.
The orc priest hits you but does no damage.
The orc warrior hits you with a +0 mace.
* * * LOW HITPOINT WARNING * * *
You are too injured to fight recklessly!
Unknown command.
You are too injured to fight recklessly!
Unknown command.
You are too injured to fight recklessly!
Unknown command.
You are too injured to fight recklessly!
Unknown command.
You are too injured to fight recklessly!
Your skin crawls.
You feel strong-willed. The water moccasin bites you.
* * * LOW HITPOINT WARNING * * *
The orc priest begins to cast a cantrip, but forgets the words!
The water moccasin closely misses you. You furiously retaliate!
You headbutt the water moccasin, but do no damage.
The orc warrior hits you with a +0 mace!
* * * LOW HITPOINT WARNING * * *
As you read the scroll labelled DOHAKIEZEL, it crumbles to dust.
It is a scroll of brand weapon.
Your +0 hand axe is engulfed in flames!
a - a +0 hand axe of flaming (weapon)
The water moccasin barely misses you.
The orc priest hits you with a +0 war axe.
* * * LOW HITPOINT WARNING * * *
The orc warrior hits you with a +0 mace!
* * * LOW HITPOINT WARNING * * *
The water moccasin bites you but does no damage.
The orc priest mumbles some strange prayers to Beogh against you.
Beogh smites you!
You die...

....... .. ######.....
... ##..........
#'####### #...........
#.......# #...P.PP....
#....ยง..+
+.....P.....
#......####....P..#'##
#...So..))).......#..#
#...o@..)...#..P..#.>#
#.......)...#.....####
#####.......#..P...P.P
#.?.....##....P...
#.......##...P.P..
###########..PP.P.
##...... ....## ####


You could see an orc warrior, a water moccasin and an orc priest.

Vanquished Creatures
  Pikel (D:7)
  A centaur zombie (D:7)
  A troll (D:7)
  2 yaks (D:8)
  A wraith (D:5)
  2 water moccasins
  3 orc warriors
  2 sky beasts (D:5)
  A black bear (D:8)
  An ice beast (D:5)
  A necrophage (D:6)
  6 ogres
  2 centaurs (D:7)
  3 lemures (D:7)
  2 kobold brigands (D:8)
  A wyvern zombie (D:7)
  3 bullfrogs
  2 scorpions
  A water moccasin skeleton (D:4)
  5 wights (D:7)
  4 electric eels (D:7)
  3 hounds
  A bullfrog zombie (D:6)
  2 jellies (D:6)
  2 orc priests
  3 bullfrog skeletons
  2 iguanas
  4 orc wizards
  A hound zombie (D:5)
  A hound skeleton (D:4)
  10 gnolls
  A howler monkey skeleton (D:4)
  7 adders
  An adder skeleton (D:4)
  21 orcs
  7 ball pythons
  4 endoplasms
  2 giant cockroaches (D:1)
  7 goblins
  4 hobgoblins
  A quokka (D:1)
  5 bats
  2 frilled lizards
  17 kobolds
  2 quokka skeletons (D:4)
  5 rats
160 creatures vanquished.

Vanquished Creatures (others)
  12 fungi (D:8)
  19 plants
31 creatures vanquished.

Grand Total: 191 creatures vanquished

Notes
Turn   | Place    | Note
-------+----------+-------------------------------------------
     0 | D:1      | robertstho the Minotaur Berserker began the quest for the
                  | Orb.
     0 | D:1      | Reached XP level 1. HP: 19/19 MP: 0/0
    43 | D:1      | Reached XP level 2. HP: 8/27 MP: 1/1
   320 | D:1      | Found Fumiypack's Assorted Antiques.
   607 | D:1      | Bought a scroll labelled INUCRU TUMI for 29 gold pieces
   645 | D:1      | Reached XP level 3. HP: 33/34 MP: 2/2
   978 | D:1      | Found a faded altar of an unknown god.
  1273 | D:2      | Reached skill level 3 in Armour
  1277 | D:2      | Reached XP level 4. HP: 25/41 MP: 0/3
  1523 | D:2      | Reached ** piety under Trog
  1529 | D:2      | Reached skill level 5 in Fighting
  1537 | D:2      | Reached XP level 5. HP: 40/48 MP: 4/4
  2127 | D:3      | Found a blossoming altar of Fedhas.
  2185 | D:3      | Reached skill level 4 in Armour
  2401 | D:3      | Reached skill level 5 in Axes
  3057 | D:4      | Noticed an ogre
  3059 | D:4      | Killed an ogre
  3060 | D:4      | Reached XP level 6. HP: 56/56 MP: 5/5
  3085 | D:4      | Reached skill level 5 in Armour
  3446 | D:4      | Reached *** piety under Trog
  3447 | D:4      | Reached XP level 7. HP: 51/62 MP: 4/6
  3847 | D:4      | Reached skill level 6 in Armour
  4166 | D:5      | Entered Level 5 of the Dungeon
  4469 | D:5      | Reached skill level 7 in Armour
  4511 | D:5      | Reached XP level 8. HP: 54/71 MP: 5/7
  4914 | D:5      | Noticed a two-headed ogre
  5003 | D:5      | Reached skill level 8 in Armour
  5403 | D:6      | Reached skill level 5 in Dodging
  5422 | D:6      | Found a sacrificial altar of Ru.
  5729 | D:7      | Found a staircase to the Ecumenical Temple.
  5811 | D:7      | Reached skill level 9 in Armour
  5811 | D:7      | Reached XP level 9. HP: 76/81 MP: 6/8
  5915 | D:7      | Reached **** piety under Trog
  6196 | D:7      | Noticed a troll
  6206 | D:7      | Killed a troll
  6349 | D:7      | Noticed Pikel
  6371 | D:7      | Killed Pikel
  6372 | D:7      | Reached skill level 10 in Armour
  7428 | D:7      | Found an opulent altar of Gozag.
  7516 | D:8      | Reached XP level 10. HP: 85/91 MP: 9/9
  7555 | D:8      | Reached skill level 11 in Armour
  8112 | D:8      | Found a staircase to the Lair.
  8123 | D:8      | Noticed Maurice
  8149 | D:8      | HP: 4/91 [orc warrior (9)]
  8149 | D:8      | Killed from afar by an orc priest

Illustrated notes

Levels and vault maps discovered:
D:1:      sevenhm_arrival_forest_fort_small_5, layout_loops_ring,
          shapermc_ecumenical_altar_ellora, serial_shops,
          nicolae_shop_overgrown_old_shop
D:2:      layout_rooms
D:3:      layout_basic, amcnicky_altar_gilded
D:4:      layout_loops_ring
D:5:      layout_basic, kennysheep_cross_bottleneck, minmay_misc_feat_doors,
          lightli_corner_chamber
D:6:      layout_rooms, mainiacjoe_overflow_small_starburst
D:7:      wad_lake_hut, layout_basic, kennysheep_mini_moat,
          minmay_temple_entry_crystal_x, uniq_pikel
D:8:      layout_basic, riverfiend_overflow_shadow_ancestor,
          grunt_lair_entry_orc_guard_hut, uniq_maurice

Skill      XL: |  1  2  3  4  5  6  7  8  9 10 |
---------------+-------------------------------+-----
Fighting       | 4 5 6 7 9 |  9.3
Axes           | 4 5 6 7 9 |  9.8
Armour         | 3 4 5 7 9 10 11 | 11.2
Dodging        | 3 4 5 6 |  6.5

Action                   |  1- 3 |  4- 6 |  7- 9 | 10-12 || total
-------------------------+-------+-------+-------+-------++-------
Melee: Hand axe          |    52 |   109 |   302 |    70 ||   533
       Headbutt          |     7 |    19 |    55 |    14 ||    95
Invok: Berserk           |     2 |     2 |     7 |     3 ||    14
       Trog's Hand       |       |       |       |     2 ||     2
       Brothers in Arms  |       |       |       |     1 ||     1
  Use: Scroll            |     1 |     1 |     8 |     2 ||    12
       Potion            |     1 |       |       |       ||     1
Armor: Animal skin       |     3 |       |       |       ||     3
       Ring mail         |    17 |    13 |       |       ||    30
       Chain mail        |       |    47 |   153 |    60 ||   260
Dodge: Dodged            |    40 |    65 |   145 |    39 ||   289

Table legend: (Time is in decaauts)
 A = Elapsed time spent in this place.
 B = Non-inter-level travel time spent in this place.
 C = Inter-level travel time spent in this place.
 D = Time resting spent in this place.
 E = Time spent auto-exploring this place.
 F = Levels seen in this place.
 G = Mean time per level.
                   A        B        C        D        E       F      G
               +--------+--------+--------+--------+--------+-----+--------+
         Total |   8298 |   8050 |    248 |    813 |   6026 |   8 | 1037.2 |
       Dungeon |   8298 |   8050 |    248 |    813 |   6026 |   8 | 1037.2 |
               +--------+--------+--------+--------+--------+-----+--------+

Top non-repeatable levels by time:
     D:7: 2179 daAuts
     D:1: 1326 daAuts
     D:4: 1132 daAuts
     D:5: 1109 daAuts
     D:3: 1054 daAuts
     D:2: 711 daAuts
     D:6: 458 daAuts
     D:8: 326 daAuts
